[Event "FISU WUMSCC Men 2024"]
[Site "Entebbe"]
[Date "2024.06.30"]
[Round "9.1"]
[White "Gatineau, Yovann"]
[Black "Szpar, Milosz"]
[Result "1-0"]
[ECO "D18"]
[WhiteElo "2414"]
[BlackElo "2497"]
[Annotator "TA"]
[PlyCount "119"]
[EventDate "2024.06.24"]
[EventType "swiss"]
[EventCountry "UGA"]
[SourceTitle "playchess.com"]
[Source "ChessBase"]
[SourceQuality "1"]
[TimeControl "5400+30"]

1. d4 d5 2. c4 c6 3. Nf3 Nf6 4. Nc3 dxc4 5. a4 Bf5 6. Nh4 e6 7. Nxf5 exf5 8. e3 Bb4 9. Bxc4 O-O 10. O-O Nbd7 11. Qc2 g6 12. f3 Rc8 {[%emt 0:00:53] D18: Slav Defence: 5 a4 Bf5 6 e3.} 13. Qf2 c5 14. Ba2 Re8 15. Kh1 Qb6 16. Bd2 a6 17. Rad1 Ba5 18. Rb1 $146 ({Predecessor:} 18. Bc1 cxd4 {½-½ Khenkin,I (2587)-De Vreugt,D (2466) Hoogeveen Essent op 2004 (9)}) 18... Qd6 19. Rbd1 Bb6 (19... cxd4 $11 20. exd4 Nb6) 20. Bc1 (20. dxc5 $14 Bxc5 21. Qe2) 20... Re7 {[%emt 0:07:30] [#]} (20... cxd4 $11 21. exd4 Ba5) 21. Qh4 (21. dxc5 $1 $16 Qxc5 22. Qh4) 21... cxd4 $1 $14 22. exd4 (22. e4 {feels hotter.} Re5 23. Bg5 Kg7 24. Bf4) 22... Bc7 (22... Ba5 $11 {remains equal.}) 23. g3 (23. g4 $16) 23... Rce8 (23... Ba5 $142) 24. Bg5 (24. g4 {is more complex.} fxg4 25. fxg4 Ba5 26. g5) 24... Bb8 (24... h5 $11) 25. Nd5 Nxd5 26. Bxd5 Qxd5 (26... Re2 $2 27. Bxf7+ Kh8 (27... Kxf7 28. Qxh7+ Ke6 29. d5+) 28. Bxe8 Rxe8 29. Rfe1 $18) 27. Bxe7 f4 (27... h6 $16) 28. Qg5 $18 Qc4 29. d5 h6 (29... Be5 $16 {is a better defense.}) 30. Qh4 $18 (30. Qxh6 Rxe7 31. Rc1 Qe2 (31... Qxd5 32. Rc8+) 32. gxf4 Nf8 $17 (32... Qxb2 33. Rc8+)) 30... Be5 31. d6 Rc8 32. Qg4 ({But not} 32. Qxh6 $6 Rc5 33. Qh4 b6 34. gxf4 Bxf4) 32... Qxa4 33. b3 $1 Qb5 34. gxf4 h5 35. Qg5 Bc3 36. Qxb5 axb5 37. Rd5 b4 38. f5 Kg7 39. f4 Ra8 40. fxg6 fxg6 41. f5 Be5 42. fxg6 Kxg6 43. Rd2 h4 44. Bxh4 Kh5 45. Bg3 Bc3 46. Rd5+ Kg6 47. Bf4 Ra2 48. Rg5+ Kf6 49. Rg2 Ra6 50. Re2 Kf5 51. Re7 (51. Bc1+ $142 Kg6 52. Rg2+ Kh7 53. Rf3 (53. Rf7+ Kh8 $18) 53... Bg7 54. Bb2 (54. Rf7 Kh8 55. Rfxg7 Nf6 56. Bb2 Rxd6 57. Rg8+ Kh7 58. R2g7+ Kh6 59. Bc1+ Rd2 60. Bxd2+ Kh5 61. Rh8+ Nh7 62. Rhxh7#) 54... Ne5 55. Bxe5 Ra1+ 56. Bxa1 Bh6 57. Rh3 (57. Rf7+ Bg7 58. Rfxg7+ Kh6 59. R2g3 Kh5 60. Rh7#) 57... b6 58. Rg7+ Kh8 59. Rxh6#) 51... Kg4 52. Rxd7 Kh3 53. Rh7+ Kg4 54. d7 Bf6 55. h3+ Kf5 56. Bg3+ Ke6 57. Rxf6+ Kd5 58. d8=Q+ Ke4 59. Re7+ Re6 60. Rexe6# 1-0

[Event "FISU WUMSCC Men 2024"]
[Site "Entebbe"]
[Date "2024.06.30"]
[Round "9.3"]
[White "Mladek, Richard"]
[Black "Janik, Igor"]
[Result "1/2-1/2"]
[ECO "B06"]
[WhiteElo "2385"]
[BlackElo "2511"]
[Annotator "TA"]
[PlyCount "160"]
[EventDate "2024.06.24"]
[EventType "swiss"]
[EventCountry "UGA"]
[SourceTitle "playchess.com"]
[Source "ChessBase"]
[SourceQuality "1"]
[TimeControl "5400+30"]

1. d4 g6 2. e4 Bg7 3. Nf3 d6 4. Bc4 c6 5. O-O d5 6. exd5 cxd5 7. Bd3 Nf6 8. Re1 O-O 9. c3 Bf5 {[%emt 0:00:27] B06: Modern Defence.} 10. Bxf5 gxf5 11. Qb3 $146 ({Predecessor:} 11. Bf4 Nbd7 12. Ne5 Nxe5 13. Bxe5 e6 14. Nd2 Kh8 15. Re3 Rg8 16. Rh3 Ng4 17. Bxg7+ Rxg7 18. Nf3 Qb6 19. Qd2 Rag8 20. Nh4 Nf6 21. f3 Rg5 22. Re1 {½-½ Karapetayn,A (1971)-Elizarov,D (2341) Doroshkevich Memorial op 2010 (4)}) 11... Qc7 12. Ne5 e6 13. Nd3 Nbd7 14. Bf4 Qc6 15. a4 Nh5 16. Bg5 Kh8 17. Na3 a6 18. Rac1 Rg8 19. Qd1 Nhf6 20. Bf4 Bf8 21. Re3 Bd6 22. Ne5 Bxe5 23. dxe5 Ng4 24. Re2 Rg6 25. h3 Nh6 26. c4 dxc4 27. g3 b5 28. Rd2 Nc5 29. Nxc4 bxc4 30. Rxc4 Kg7 31. Rd6 Qb7 32. Rxc5 Qxb2 33. Rd8 Rxd8 34. Qxd8 Ng8 35. Qd7 Qb1+ 36. Rc1 Qe4 37. Rc7 Nh6 38. Qd8 Qe1+ (38... Qxf4 39. Qf6+ Rxf6 40. exf6+ (40. gxf4 $2 Rg6+ 41. Kf1 Kh8 $19) 40... Kxf6 41. gxf4) 39. Kg2 Qe4+ 40. Kh2 Qe2 41. Qd2 Qf3 42. Kg1 Ng8 43. Bg5 Qh5 $2 (43... Qd5 {keeps fighting.} 44. Qxd5 exd5) 44. h4 $18 h6 {[%emt 0:00:32] [#]} 45. Qd7 $2 (45. Bf4 $1 $18 {And now Qd7 would win.} Kh8 (45... Qxh4 $2 46. Qd7 $18) 46. Ra7 (46. Rxf7 Rxg3+ 47. fxg3 Qxf7 $14)) 45... hxg5 $11 46. Qxf7+ Kh8 47. hxg5 $1 ({Avoid the trap} 47. Rc8 $2 Qh6 (47... gxh4 $2 {perishes.} 48. Rxg8+ Rxg8 49. Qxh5+ $18) 48. h5 Rg7 $19 (48... Qxh5 $2 {loses.} 49. Rxg8+ Rxg8 50. Qxh5+ $18)) 47... Rxg5 48. Qxh5+ $1 Rxh5 49. Ra7 Rh7 50. Rxa6 Re7 51. Ra8 (51. a5 $11 {was the only way to keep the balance.}) 51... Kg7 $17 52. a5 Rc7 53. Rb8 Ra7 54. Rb6 Rxa5 55. Rxe6 Kf7 56. Rb6 Rxe5 57. g4 fxg4 58. f3 gxf3 59. Kf2 Nf6 60. Kxf3 Kg6 61. Ra6 Kf5 62. Ra8 Rb5 63. Ke3 Rb4 64. Ra5+ Ke6 65. Kf3 Nd7 66. Ra8 Kf5 67. Ke3 Re4+ 68. Kd3 Ne5+ 69. Kc3 Kf4 70. Rf8+ Ke3 71. Rh8 Rc4+ 72. Kb3 Rc7 73. Kb4 Nd3+ 74. Kb5 Rc5+ 75. Kb6 Rd5 76. Rh3+ Kd4 77. Rh4+ {[%emt 0:00:07] [#]} Kc3 $1 78. Kc6 Nb4+ (78... Rg5 $17) 79. Rxb4 $1 $11 Rd6+ 80. Kxd6 Kxb4 1/2-1/2

[Event "FISU WUMSCC Men 2024"]
[Site "Entebbe"]
[Date "2024.06.30"]
[Round "9.4"]
[White "Turcan, Richard"]
[Black "Thilakarathne, G M H"]
[Result "1-0"]
[ECO "B90"]
[WhiteElo "2374"]
[BlackElo "2356"]
[Annotator "RC"]
[PlyCount "83"]
[EventDate "2024.06.24"]
[EventType "swiss"]
[EventCountry "UGA"]
[SourceTitle "playchess.com"]
[Source "ChessBase"]
[SourceQuality "1"]
[TimeControl "5400+30"]

1. e4 c5 2. Nf3 d6 3. d4 cxd4 4. Nxd4 Nf6 5. Nc3 a6 6. h3 e5 7. Nde2 h5 8. Bg5 Be6 9. Bxf6 Qxf6 10. Nd5 Qd8 11. Qd3 Nd7 12. O-O-O Nc5 13. Qf3 Rc8 14. Kb1 Be7 15. Nec3 Bg5 16. g3 b5 17. Qe2 h4 18. a3 Bh6 19. f4 hxg3 20. f5 Bxd5 21. Nxd5 Qh4 22. Bg2 Bg5 23. Bf3 Rb8 24. Bg4 O-O 25. Rhf1 Kh7 26. Rf3 a5 27. b3 b4 28. a4 Bf4 29. f6 g6 30. Nxf4 exf4 31. Rxf4 Rfe8 32. Qf3 Qg5 33. h4 Qe5 34. Bf5 Rh8 35. Rd5 g2 36. Rg4 Qc3 37. Bxg6+ Kg8 38. Qxg2 Kf8 39. Bxf7 Kxf7 40. Rg7+ Ke8 41. Qg6+ Kd8 42. Rxd6+ 1-0

[Event "FISU WUMSCC Men 2024"]
[Site "Entebbe"]
[Date "2024.06.30"]
[Round "9.5"]
[White "Walter, Szymon"]
[Black "Szustakowski, Antoni"]
[Result "1/2-1/2"]
[ECO "C11"]
[WhiteElo "2313"]
[BlackElo "2362"]
[Annotator "RC"]
[PlyCount "67"]
[EventDate "2024.06.24"]
[EventType "swiss"]
[EventCountry "UGA"]
[SourceTitle "playchess.com"]
[Source "ChessBase"]
[SourceQuality "1"]
[TimeControl "5400+30"]

1. e4 e6 2. d4 d5 3. Nc3 Nf6 4. e5 Nfd7 5. f4 c5 6. Nf3 Nc6 7. Be3 a6 8. Ne2 Be7 9. c3 O-O 10. Qc2 cxd4 11. Nexd4 Nxd4 12. Bxd4 Nc5 13. b4 Ne4 14. Bd3 Bd7 15. O-O Bb5 16. Bxb5 axb5 17. Nd2 Nxd2 18. Qxd2 f6 19. exf6 Bxf6 20. Rae1 Qd7 21. Re3 Bxd4 22. cxd4 Rac8 23. Rfe1 Rxf4 24. Rxe6 Rcf8 25. Qe3 Qf7 26. h3 h6 27. Re8 Rxe8 28. Qxe8+ Qxe8 29. Rxe8+ Kh7 30. Rb8 Rxd4 31. a3 Rd3 32. Rxb7 Rxa3 33. Rxb5 Rb3 34. Rxd5 1/2-1/2

[Event "FISU WUMSCC Men 2024"]
[Site "Entebbe"]
[Date "2024.06.30"]
[Round "9.6"]
[White "Alrehaili, Ahmed Abdullah S"]
[Black "Alfaitori, Abdallah"]
[Result "1-0"]
[ECO "B12"]
[WhiteElo "2134"]
[BlackElo "1947"]
[Annotator "RC"]
[PlyCount "99"]
[EventDate "2024.06.24"]
[EventType "swiss"]
[EventCountry "UGA"]
[SourceTitle "playchess.com"]
[Source "ChessBase"]
[SourceQuality "1"]
[TimeControl "5400+30"]

1. e4 c6 2. d4 d5 3. e5 Bf5 4. h4 h5 5. c4 dxc4 6. Bxc4 e6 7. Ne2 Ne7 8. Nbc3 Nd5 9. Ng3 Bg6 10. Nce4 Nd7 11. Bg5 Qa5+ 12. Kf1 f6 13. exf6 gxf6 14. Bxd5 Qxd5 15. Nxf6+ Nxf6 16. Bxf6 Rg8 17. Qb3 Qxb3 18. axb3 Bd6 19. Ne2 Kd7 20. Rh3 Be4 21. Bg5 Be7 22. Re3 Bd5 23. f4 Bd6 24. Ng3 Rh8 25. Ne4 Bxe4 26. Rxe4 a6 27. Kf2 Rhf8 28. Kf3 Rf5 29. g4 hxg4+ 30. Kxg4 Rb5 31. Re3 Bb4 32. h5 Rh8 33. Re5 Rh7 34. h6 Bf8 35. Rxb5 axb5 36. Kh5 Bxh6 37. Bxh6 Kd6 38. Kg6 Rh8 39. Re1 b6 40. Kg7 Ra8 41. Kf7 Ra2 42. Rxe6+ Kd5 43. Bg7 Rxb2 44. Re5+ Kd6 45. b4 Rd2 46. f5 Kd7 47. Re6 c5 48. bxc5 bxc5 49. dxc5 Rd5 50. Rd6+ 1-0

[Event "FISU WUMSCC Men 2024"]
[Site "Entebbe"]
[Date "2024.06.30"]
[Round "9.7"]
[White "Nyola Wasswa Mark"]
[Black "Kato, Richard"]
[Result "1/2-1/2"]
[ECO "C10"]
[WhiteElo "2067"]
[BlackElo "1908"]
[Annotator "RC"]
[PlyCount "31"]
[EventDate "2024.06.24"]
[EventType "swiss"]
[EventCountry "UGA"]
[SourceTitle "playchess.com"]
[Source "ChessBase"]
[SourceQuality "1"]
[TimeControl "5400+30"]

1. e4 e6 2. Nf3 c5 3. d4 d5 4. Nc3 Nf6 5. Bg5 cxd4 6. Qxd4 dxe4 7. Qxd8+ Kxd8 8. Nxe4 Be7 9. O-O-O+ Bd7 10. Bxf6 gxf6 11. Bb5 Kc7 12. Nd4 a6 13. Bxd7 Nxd7 14. g3 Rad8 15. f4 f5 16. Nc3 1/2-1/2

[Event "FISU WUMSCC Men 2024"]
[Site "Entebbe"]
[Date "2024.06.30"]
[Round "9.8"]
[White "Jakab, Bela"]
[Black "Wagner, Gerald"]
[Result "1-0"]
[ECO "C11"]
[WhiteElo "2390"]
[BlackElo "1832"]
[Annotator "RC"]
[PlyCount "71"]
[EventDate "2024.06.24"]
[EventType "swiss"]
[EventCountry "UGA"]
[SourceTitle "playchess.com"]
[Source "ChessBase"]
[SourceQuality "1"]
[TimeControl "5400+30"]

1. e4 e6 2. d4 d5 3. Nc3 Nf6 4. e5 Nfd7 5. f4 c5 6. Nf3 Nc6 7. Be3 a6 8. Qd2 Qc7 9. Qf2 cxd4 10. Nxd4 Bb4 11. Bd3 Na5 12. O-O Nc4 13. Bxc4 Qxc4 14. f5 Nxe5 15. Qg3 O-O 16. Qxe5 f6 17. Qg3 e5 18. Nb3 Kh8 19. Bd2 b5 20. a3 Bc5+ 21. Nxc5 Qxc5+ 22. Qf2 Qc6 23. Rac1 Bb7 24. Ne2 d4 25. c3 d3 26. Ng3 Rfe8 27. Rfe1 Rad8 28. Re4 Qd5 29. c4 Qd7 30. Rh4 e4 31. Qe3 bxc4 32. Rxc4 Bd5 33. Rc5 Qa4 34. Rc7 Qd1+ 35. Nf1 Rg8 36. Rxh7+ 1-0

[Event "FISU WUMSCC Men 2024"]
[Site "Entebbe"]
[Date "2024.06.30"]
[Round "9.9"]
[White "Mthembu, Lovers"]
[Black "Alharthi, Ahmed Mohammed A"]
[Result "1-0"]
[ECO "C54"]
[WhiteElo "1876"]
[BlackElo "1951"]
[Annotator "RC"]
[PlyCount "89"]
[EventDate "2024.06.24"]
[EventType "swiss"]
[EventCountry "UGA"]
[SourceTitle "playchess.com"]
[Source "ChessBase"]
[SourceQuality "1"]
[TimeControl "5400+30"]

1. e4 e5 2. Nf3 Nc6 3. Bc4 Bc5 4. O-O d6 5. h3 Nf6 6. d3 h6 7. c3 a6 8. Re1 O-O 9. Nbd2 Ba7 10. Bb3 Re8 11. Nf1 Be6 12. Bc2 d5 13. exd5 Nxd5 14. Ng3 Qd6 15. Nh4 Qe7 16. Nhf5 Qf6 17. Qf3 Rad8 18. Bd2 Bxf5 19. Qxf5 Qxf5 20. Nxf5 Re6 21. Re2 b5 22. g3 Nf6 23. Rae1 Ree8 24. Kg2 Bc5 25. f4 exf4 26. Rxe8+ Nxe8 27. Bxf4 Nd6 28. d4 Nxf5 29. Bxc7 Rd7 30. Bxf5 Rxc7 31. dxc5 g6 32. Re8+ Kg7 33. Rc8 Re7 34. Rxc6 gxf5 35. Kf3 Re5 36. b4 Rd5 37. Ke3 Re5+ 38. Kd4 Re4+ 39. Kd3 Re1 40. Rxa6 Rg1 41. c6 Rxg3+ 42. Kd4 f4 43. c7 f3 44. c8=Q f2 45. Qf5 1-0

[Event "FISU WUMSCC Men 2024"]
[Site "Entebbe"]
[Date "2024.06.30"]
[Round "9.10"]
[White "Almuntasir, mohamed khalifah"]
[Black "Musasizi, Emmanuel"]
[Result "1/2-1/2"]
[ECO "B40"]
[WhiteElo "1724"]
[BlackElo "1966"]
[Annotator "RC"]
[PlyCount "80"]
[EventDate "2024.06.24"]
[EventType "swiss"]
[EventCountry "UGA"]
[SourceTitle "playchess.com"]
[Source "ChessBase"]
[SourceQuality "1"]
[TimeControl "5400+30"]

1. e4 c5 2. Nf3 e6 3. Nc3 a6 4. g3 d5 5. exd5 exd5 6. d4 Nc6 7. Bg2 Nf6 8. O-O c4 9. Bg5 Be7 10. Ne5 Be6 11. f4 g6 12. Re1 Nxe5 13. Rxe5 O-O 14. h3 Kg7 15. Qd2 h5 16. f5 Bxf5 17. Bh6+ Kh7 18. Bxf8 Bxf8 19. Rxf5 gxf5 20. Qg5 Bg7 21. Qxf5+ Kg8 22. Nxd5 Nxd5 23. Bxd5 Bxd4+ 24. Kh1 Qf6 25. Qxf6 Bxf6 26. Bxc4 b5 27. Bd5 Rd8 28. Rd1 Kg7 29. c3 b4 30. cxb4 Bxb2 31. Bb3 Rxd1+ 32. Bxd1 Ba3 33. Be2 Bxb4 34. Bxa6 Be1 35. Kg2 Kf6 36. Bc4 h4 37. g4 Ke7 38. Kf3 f6 39. Kf4 Kd6 40. Ke4 Kc5 1/2-1/2

[Event "FISU WUMSCC Men 2024"]
[Site "Entebbe"]
[Date "2024.06.30"]
[Round "9.12"]
[White "Alinda Collins"]
[Black "Hemeni, Simamnkele"]
[Result "0-1"]
[ECO "B34"]
[WhiteElo "1845"]
[BlackElo "1866"]
[Annotator "NA RC"]
[PlyCount "95"]
[EventDate "2024.06.24"]
[EventType "swiss"]
[EventCountry "UGA"]
[SourceTitle "playchess.com"]
[Source "ChessBase"]
[SourceQuality "1"]
[TimeControl "5400+30"]

1. e4 c5 2. Nf3 g6 3. Nc3 Bg7 4. d4 cxd4 5. Nxd4 Nc6 6. Be3 Nf6 7. f3 O-O 8. Qd2 d5 9. O-O-O dxe4 10. Nxc6 Qxd2+ 11. Rxd2 bxc6 12. Nxe4 Nd5 {[%emt 0:01:01] B34: Sicilian: Accelerated Dragon with 5 Nc3: sidelines.} 13. Bc5 Bh6 14. c4 f5 15. cxd5 fxe4 16. dxc6 $2 (16. Bc4 $1 $11 {and White is okay.} Rd8 (16... Bxd2+ 17. Kxd2 Rd8 18. Bxe7 $14) 17. d6+ (17. dxc6+ Kg7 $17) 17... e6 18. fxe4) 16... Be6 17. fxe4 $2 (17. Kd1 {was worth a try.} Bxd2 (17... Bxa2 18. Ba6 $11) (17... exf3 18. Ba6 $17) 18. Kxd2 exf3 (18... Bxa2 19. Ba6 $11) 19. gxf3) 17... Rad8 18. Bxe7 Rxf1+ ({Don't play} 18... Bxd2+ 19. Kc2 $19) 19. Rxf1 Rxd2 20. Kb1 Bg7 21. Bf6 Rd6 22. c7 Rc6 23. Bd8 Be5 24. Bf6 Bxc7 25. g3 Bc4 26. Rf3 Be2 27. Rc3 Rxc3 28. bxc3 Bd3+ 29. Kb2 Bxe4 30. c4 Bb6 31. Kb3 Kf7 32. Be5 Ke6 33. Bf4 Bg1 34. h4 Kd7 35. Kb4 Kc6 36. Bb8 Bf5 37. Ka5 Be6 38. Kb4 Bc5+ 39. Kc3 a6 40. Kd3 Bd6 41. Bxd6 Kxd6 42. Kd4 Kc6 43. a3 a5 44. Ke5 Bxc4 45. Kf6 Bd3 46. g4 Be2 47. g5 Bh5 48. Ke5 0-1